 Dungeon Crawl Stone Soup version 0.27-a0-1084-g78b3836a5f (webtiles) character file.

Game seed: 16629257647771945710

3482 tardwrangler69 the Spear-Bearer (level 10, -1/85 HPs)
             Began as a Merfolk Gladiator on Apr 26, 2021.
             Was a Follower of Okawaru.
             Succumbed to an orc wizard's poison
             ... on level 8 of the Dungeon.
             The game lasted 00:10:43 (10347 turns).

tardwrangler69 the Spear-Bearer (MfGl)             Turns: 10347, Time: 00:10:44

Health: -1/85      AC:  8    Str: 16 (19) XL:     10   Next: 7%
Magic:  10/10      EV: 11    Int:  6 (7)  God:    Okawaru [*.....]
Gold:   421        SH:  0    Dex: 12 (15) Spells: 9/9 levels left

rFire    + . .     SeeInvis .   a - +1 trident (flame)
rCold    . . .     Faith    .   (no shield)
rNeg     . . .     Spirit   .   u - +0 scale mail
rPois    .         Reflect  .   c - +0 helmet
rElec    .         Harm     .   r - +0 cloak
rCorr    .         Rampage  .   (no gloves)
Will     .....                  (no boots)
Stlth    ..........             n - amulet of the acrobat
HPRegen  0.24/turn              D - ring of protection from fire
MPRegen  0.12/turn              (no ring)

@: lethally poisoned (-1 -> -18), attractive
A: (nimble swimmer 2), mertail
a: Renounce Religion, Heroism


You were on level 8 of the Dungeon.
You worshipped Okawaru.
Okawaru was aware of your devotion.
You visited 2 branches of the dungeon, and saw 9 of its levels.

You collected 421 gold pieces.

Inventory:

Hand Weapons
 a - a +1 trident of flaming (weapon)
Missiles
 d - 3 throwing nets
 i - 4 curare-tipped darts
 l - 39 poisoned darts (quivered)
 E - 2 boomerangs of dispersal
Armour
 c - a +0 helmet (worn)
 r - a +0 cloak (worn)
 u - a +0 scale mail (worn)
Jewellery
 n - an amulet of the acrobat (around neck)
 D - a ring of protection from fire (left hand)
 H - a +6 ring of intelligence
Wands
 t - a wand of digging (5)
 y - a wand of acid (5)
 B - a wand of mindburst (6)
 F - a wand of flame (15)
Scrolls
 b - a scroll of magic mapping {unknown}
 j - a scroll of fear {unknown}
 k - a scroll of holy word
 q - a scroll of enchant weapon
 v - a scroll of identify
 A - a scroll of immolation
 G - 2 scrolls of teleportation
Potions
 e - 4 potions of brilliance
 g - a potion of mutation {unknown}
 h - a potion of berserk rage
 o - 4 potions of might
 p - 2 potions of flight
 s - a potion of lignification
 x - 3 potions of magic
 z - 2 potions of degeneration


   Skills:
 + Level 9.9 Fighting
 - Level 14.0 Polearms
 - Level 2.0 Throwing
 + Level 7.3 Dodging


You had 9 spell levels left.
You didn't know any spells.
Your spell library contained the following spells:

 Spells                   Type           Power      Damage    Failure   Level
 Foxfire                  Conj/Fire      0%         2x1d4     88%         1
 Magic Dart               Conj           0%         1d3       88%         1
 Searing Ray              Conj           0%         3d3       96%         2
 Conjure Flame            Conj/Fire      0%         6-21      99%         3
 Dazzling Flash           Conj/Hex       0%         N/A       99%         3
 Inner Flame              Hex/Fire       0%         N/A       99%         3
 Fulminant Prism          Conj/Hex       0%         3d6       100%        4
 Iskenderun's Mystic Bla  Conj/Tloc      0%         2d3       100%        4
 Sticky Flame             Conj/Fire      0%         2d3       100%        4
 Fireball                 Conj/Fire      0%         3d3       100%        5


Dungeon Overview and Level Annotations

Branches:
Dungeon (8/15)             Temple (1/1) D:6
   Lair: D:8-11

Altars:
Ashenzari
Fedhas
Gozag
Kikubaaqudgha
Makhleb
Nemelex Xobeh
Okawaru
Qazlal
Ru
Sif Muna
Trog
Uskayaw
Vehumet
Wu Jian
Xom
Yredelemnul
The Shining One


Innate Abilities, Weirdness & Mutations

((You are quick and stealthy near water. (Stealth+, EV+, Speed+++)))
Your lower body shifts to a powerful aquatic tail in water.


Message History

Something hits you but does no damage.
You are lethally poisoned!
You completely miss something.
* * * LOW HITPOINT WARNING * * *
You feel very sick. Something hits you but does no damage.
You are more poisoned.
You puncture something! You burn something. Okawaru accepts your kill.
Reactivating autopickup.
You feel a bit more experienced.
* * * LOW HITPOINT WARNING * * *
You feel very sick.
Okay, then.
Okay, then.
Unknown command.
Unknown command.
Really quaff the potion of lignification?
You turn into a tree.
Your +0 cloak melds into your body.
Your +0 helmet melds into your body.
Your +0 scale mail melds into your body.
Your roots penetrate the ground.
* * * LOW HITPOINT WARNING * * *
You feel extremely sick.
It was a potion of degeneration.
There was something very wrong with that liquid.
You feel weakened.
You feel dopey.
You feel clumsy.
* * * LOW HITPOINT WARNING * * *
You feel very sick.
It was a potion of attraction.
You feel attractive to monsters.
* * * LOW HITPOINT WARNING * * *
You feel very sick.
It was a potion of cancellation.
Your magical effects are unravelling.
You feel magically purged.
You feel less wooden.
Your +0 cloak unmelds from your body.
Your +0 helmet unmelds from your body.
Your +0 scale mail unmelds from your body.
You die...

.###..)....... ....
.##...........#. ......
................ #......
............... ...!...
............... .......
..............###.!.....
.......##.............=.
..#........#....).......
####.......#...)@##....
# #........#...).## .
###.#..............#
....#..##.).#..#....[.
........##).###########
.##...####..# ...#.##
##... ....... ......
#...#..# .#...##


There were no monsters in sight!

Vanquished Creatures
  3 yaks (D:7)
  Eustachio (D:4)
  Edmund (D:6)
  A water moccasin (D:6)
  3 ice beasts
  2 orc warriors
  2 sky beasts
  A centaur (D:8)
  6 ogres
  3 kobold brigands
  A bullfrog (D:6)
  A scorpion (D:4)
  3 wights (D:6)
  4 howler monkeys (D:7)
  2 centaur skeletons
  A gnoll shaman (D:6)
  4 hounds
  Crazy Yiuf (D:2)
  A bullfrog zombie (D:5)
  2 orc priests
  2 jellies
  Terence (D:3)
  An iguana (D:7)
  Natasha (twice) (D:3)
  An orc wizard (D:8)
  A hound skeleton (D:4)
  Robin (D:3)
  8 gnolls
  2 howler monkey skeletons
  11 adders
  A shadow imp (D:7)
  2 white imps (D:5)
  An adder skeleton (D:4)
  2 worms
  4 dart slugs
  11 orcs
  5 ball pythons
  2 bats
  4 endoplasms
  3 giant cockroaches
  13 goblins
  9 hobgoblins
  19 kobolds
  3 quokkas (D:1)
  A frilled lizard (D:2)
  4 rats
157 creatures vanquished.

Notes
Turn   | Place    | Note
-------+----------+-------------------------------------------
     0 | D:1      | tardwrangler69 the Merfolk Gladiator began the quest for
                  | the Orb.
     0 | D:1      | Reached XP level 1. HP: 16/16 MP: 1/1
    20 | D:1      | Found a faded altar of an unknown god.
   147 | D:1      | Reached skill level 5 in Polearms
   147 | D:1      | Reached XP level 2. HP: 23/23 MP: 2/2
   549 | D:1      | Reached XP level 3. HP: 23/28 MP: 3/3
  1017 | D:2      | Found a runed translucent door.
  1018 | D:2      | Noticed Crazy Yiuf
  1621 | D:2      | Reached skill level 6 in Polearms
  1741 | D:2      | Killed Crazy Yiuf
  1742 | D:2      | Reached XP level 4. HP: 20/35 MP: 4/4
  2345 | D:3      | Noticed Terence
  2357 | D:3      | Killed Terence
  2358 | D:3      | Reached skill level 7 in Polearms
  2358 | D:3      | Reached XP level 5. HP: 35/41 MP: 5/5
  2642 | D:3      | Noticed Natasha
  2650 | D:3      | Killed Natasha
  2811 | D:3      | Noticed Robin
  2825 | D:3      | Killed Robin
  2826 | D:3      | Reached skill level 8 in Polearms
  2827 | D:3      | Noticed Natasha
  2838 | D:3      | Reached XP level 6. HP: 29/48 MP: 6/6
  2847 | D:3      | Killed Natasha
  3329 | D:4      | Noticed Eustachio
  3337 | D:4      | Killed Eustachio
  3338 | D:4      | Reached skill level 9 in Polearms
  3606 | D:4      | Reached skill level 5 in Fighting
  3606 | D:4      | Reached XP level 7. HP: 56/56 MP: 7/7
  4250 | D:4      | Reached skill level 10 in Polearms
  4755 | D:5      | Entered Level 5 of the Dungeon
  5179 | D:5      | Reached XP level 8. HP: 23/64 MP: 8/8
  5186 | D:5      | Reached skill level 11 in Polearms
  5511 | D:5      | HP: 2/64 [ogre/+0 giant club (14)]
  6337 | D:6      | Reached skill level 12 in Polearms
  6551 | D:6      | Found a staircase to the Ecumenical Temple.
  7009 | D:6      | Reached skill level 13 in Polearms
  7360 | D:6      | Reached XP level 9. HP: 63/72 MP: 9/9
  7837 | D:6      | Noticed Edmund
  7859 | D:6      | Killed Edmund
  8283 | Temple   | Entered the Ecumenical Temple
  8496 | Temple   | Became a worshipper of Warmaster Okawaru
  8574 | D:7      | Reached skill level 14 in Polearms
  8663 | D:7      | Found a burning altar of Makhleb.
  9160 | D:7      | Found a broken altar of Ashenzari.
  9187 | D:7      | Reached skill level 5 in Dodging
  9193 | D:7      | Reached * piety under Okawaru
  9196 | D:7      | HP: 2/76 [yak (12)]
  9936 | D:7      | Found an opulent altar of Gozag.
  9939 | D:7      | Found a sacrificial altar of Ru.
  9942 | D:7      | Found a shimmering blue altar of Sif Muna.
 10175 | D:8      | Found a blossoming altar of Fedhas.
 10179 | D:8      | Found a stormy altar of Qazlal.
 10211 | D:8      | Reached XP level 10. HP: 72/84 MP: 10/10
 10346 | D:8      | HP: 4/127 [poisoned by an orc wizard]
 10347 | D:8      | Succumbed to an orc wizard's poison

Illustrated notes

Levels and vault maps discovered:
D:1:      wander_arrival_chamber, layout_basic,
          hellmonk_ecumenical_altar_pennies_from_heaven
D:2:      layout_loops_corners, uniq_crazy_yiuf_cottage
D:3:      layout_loops_cross, uniq_terence, uniq_natasha, uniq_robin
D:4:      layout_layer_cave, uniq_eustachio
D:5:      layout_basic
D:6:      layout_layer_cave, minmay_temple_entry_antechambers, uniq_edmund
D:7:      layout_cave_pods, grunt_temple_overflow_diamond,
          evilmike_ruin_ashenzari, lemuel_doored_altar, grunt_ministairs_3,
          minmay_holes
D:8:      layout_cave_pools, grunt_temple_overflow_forces_of_nature,
          elyvilon_altar_4, kennysheep_slug_shrine, lemuel_tele_altar,
          kennysheep_little_box, kennysheep_small_circle, uniq_joseph,
          uniq_maggie
Temple:   jpeg_temple_alley_garden

Skill      XL: |  1  2  3  4  5  6  7  8  9 10 |
---------------+-------------------------------+-----
Polearms       | 5 6 7 8 9 10 13 14 | 14.0
Fighting       | 3 4 5 7 9 |  9.9
Dodging        | 6 7 |  7.3
Throwing       | |  2.0

Action                   |  1- 3 |  4- 6 |  7- 9 | 10-12 || total
-------------------------+-------+-------+-------+-------++-------
Melee: Trident           |   123 |   110 |   386 |    33 ||   652
       Punch             |       |       |     2 |     1 ||     3
Throw: Dart              |     5 |    15 |    46 |       ||    66
Invok: Heroism           |       |       |     1 |     1 ||     2
  Use: Potion            |     1 |       |     4 |     7 ||    12
       Scroll            |       |     5 |    13 |       ||    18
 Stab: Sleeping          |     1 |       |       |       ||     1
       Distracted        |     1 |       |       |       ||     1
Armor: Leather armour    |    30 |    17 |       |       ||    47
       Scale mail        |       |     3 |    86 |    10 ||    99
Dodge: Dodged            |    73 |    67 |   120 |    20 ||   280

Table legend: (Time is in decaauts)
 A = Elapsed time spent in this place.
 B = Non-inter-level travel time spent in this place.
 C = Inter-level travel time spent in this place.
 D = Time resting spent in this place.
 E = Time spent auto-exploring this place.
 F = Levels seen in this place.
 G = Mean time per level.
                   A        B        C        D        E       F      G
               +--------+--------+--------+--------+--------+-----+--------+
         Total |  10215 |   9733 |    482 |    140 |   8439 |   9 | 1135.0 |
       Dungeon |   9965 |   9557 |    408 |    140 |   8264 |   8 | 1245.6 |
        Temple |    250 |    176 |     74 |      0 |    175 |   1 |  250.0 |
               +--------+--------+--------+--------+--------+-----+--------+

Top non-repeatable levels by time:
     D:6: 2103 daAuts
     D:5: 1546 daAuts
     D:4: 1423 daAuts
     D:7: 1397 daAuts
     D:2: 1349 daAuts
     D:3: 1222 daAuts
     D:1: 746 daAuts
  Temple: 250 daAuts
     D:8: 175 daAuts
